 Dungeon Sprint DCSS version 0.31-a0-150-g89dc3ad700 (webtiles) character file.

Game seed: 10264330266479084915

457 rocky1 the Cleaver (level 7, -8/83 HPs)
             Began as an Ogre Gladiator on June 9, 2023.
             Was an Initiate of Gozag.
             Mangled by a bog body (29 damage)
             ... in the Dungeon (Sprint VII: "The Pits").
             The game lasted 00:02:50 (839 turns).

rocky1 the Cleaver (Ogre Gladiator)                  Turns: 839, Time: 00:02:51

Health: -8/83      AC:  3    Str: 21    XL:     7   Next: 6%
Magic:  7/7        EV: 10    Int:  9    God:    Gozag
Gold:   1044       SH:  0    Dex: 10    Spells: 6/6 levels left

rFire   . . .        a - +0 war axe
rCold   . . .        (no shield)
rNeg    . . .        b - +0 robe
rPois   .            c - +0 hat
rElec   .            (no cloak)
rCorr   .            (gloves unavailable)
SInv    .            (boots unavailable)
Will    .....        (no amulet)
Stlth   +            (no ring)
HPRegen 0.33/turn    (no ring)
MPRegen 0.10/turn

%: no teleportation
@: hasted and slowed
A: large, unfitting armour, tough skin 1
a: Renounce Religion, Potion Petition, Call Merchant, Bribe Branch


You were in the Dungeon.
You worshipped Gozag.
Gozag was most pleased with you.
You visited 1 branch You collected 1044 gold pieces.

Inventory:

Hand Weapons
 a - a +0 war axe (weapon)
Missiles
 e - a large rock
Armour
 b - a +0 robe (worn)
 c - a +0 hat (worn)
Scrolls
 k - a scroll of blinking
 m - 5 scrolls of amnesia
 n - a scroll of summoning
Potions
 f - 5 potions of curing
 g - 5 potions of heal wounds
 i - 4 potions of magic
 j - 3 potions of berserk rage
 l - 2 potions of invisibility


   Skills:
 + Level 9.1 Fighting
 * Level 13.2 Axes
 - Level 2.0 Throwing
 - Level 2.6 Dodging


You had 6 spell levels left.
You didn't know any spells.
Your spell library was empty.

Dungeon Overview and Level Annotations

Branches:
Dungeon (1/1)

Altars:
Ashenzari
Cheibriados
Dithmenos
Elyvilon
Fedhas
Gozag
Hepliaklqana
Kikubaaqudgha
Makhleb
Nemelex Xobeh
Okawaru
Qazlal
Ru
Sif Muna
Trog
Uskayaw
Vehumet
Wu Jian
Xom
Yredelemnul
Zin
The Shining One
Jiyva
Lugonu


Innate Abilities, Weirdness & Mutations

You are too large for most types of armour.
You have tough skin. (AC +1)


Message History

There is an open door to the Entrance Hall (Safe) here.
Throw: 3 throwing nets
Press: ? - help, Q - select action, (/) - cycle Shift-Dir - straight line, f - bog body
Aim: a bog body (65% to hit)
You throw a throwing net.
The throwing net completely misses the bog body.
The bog body points at you and mumbles some strange words.
You feel yourself slow down.
Throw: 2 throwing nets
Press: ? - help, Q - select action, (/) - cycle Shift-Dir - straight line, f/p - bog body
Aim: a bog body (65% to hit)
You throw a throwing net.
The throwing net barely misses the bog body.
The bog body gestures at you while chanting.
The bolt of cold hits you!!!
Throw: throwing net
Press: ? - help, Q - select action, (/) - cycle Shift-Dir - straight line, f/p - bog body
Aim: a bog body (65% to hit)
You throw a throwing net.
The throwing net barely misses the bog body.
The bog body casts a spell at you. You resist with significant effort.
The bog body barely misses you.
You feel yourself speed up. The bog body casts a spell at you.
The bolt of cold misses you.
Unknown command.
You barely miss the bog body. The bog body barely misses you.
You slash the bog body!
The bog body is moderately damaged.
The bog body barely misses you.
You hit the bog body but do no damage.
The bog body is moderately damaged.
The bog body touches you. The bog body freezes you!
You barely miss the bog body.
The bog body is moderately damaged.
The bog body touches you.
* * * LOW HITPOINT WARNING * * *
The bog body freezes you!!
You die...
Your body crumbles into a pile of gold.

_______...###########++######
#########'##................#
.?(.')))'.##......#..#......#
#########.##................+
...........'(...............+
'#####'#####......#..#......#
.#[[#..[..##.......n........#
)#))#####'#####n#####''######
)#))#.....##....@..# ''#
)#))#.....##.......# ..n.
.#..###'####.......# .....
)##'#.....##...<...# ..####
.#........##.......# ..+
)#........##.......# ..#
)###########.......# .......#
######### .###...#


You could see a bog body.

Vanquished Creatures
  A floating eye (D)
  A water moccasin (D)
  3 wights (D)
  A jelly (D)
  An orc priest (D)
  A river rat (D)
  An adder (D)
  An ufetubus (D)
  5 orcs (D)
  2 bat skeletons (D)
  A quokka (D)
  2 frilled lizards (D)
20 creatures vanquished.

Notes
Turn   | Place    | Note
-------+----------+-------------------------------------------
     0 | D        | rocky1 the Ogre Gladiator began the quest for the Orb.
     0 | D        | Reached XP level 1. HP: 22/22 MP: 1/1
    11 | D        | Noticed a floating eye
    14 | D        | Killed a floating eye
    15 | D        | Reached skill level 9 in Axes
    15 | D        | Reached XP level 2. HP: 29/29 MP: 2/2
    15 | D        | Reached XP level 3. HP: 36/36 MP: 3/3
    15 | D        | Reached XP level 4. HP: 44/44 MP: 4/4
    41 | D        | Found a bloodstained altar of Trog.
    41 | D        | Found a shimmering blue altar of Sif Muna.
    41 | D        | Found a viscous altar of Jiyva.
    41 | D        | Found a hazy altar of Hepliaklqana.
    41 | D        | Found an opulent altar of Gozag.
    42 | D        | Found a glowing golden altar of the Shining One.
    42 | D        | Found a glowing silver altar of Zin.
    42 | D        | Found a basalt altar of Yredelemnul.
    42 | D        | Found a shimmering altar of Xom.
    42 | D        | Found an ornate altar of the Wu Jian Council.
    42 | D        | Found a sacrificial altar of Ru.
    42 | D        | Found a stormy altar of Qazlal.
    42 | D        | Found an iron altar of Okawaru.
    42 | D        | Found a sparkling altar of Nemelex Xobeh.
    42 | D        | Found a burning altar of Makhleb.
    42 | D        | Found a blossoming altar of Fedhas.
    42 | D        | Found a white marble altar of Elyvilon.
    42 | D        | Found a shadowy altar of Dithmenos.
    42 | D        | Found a snail-covered altar of Cheibriados.
    45 | D        | Found a corrupted altar of Lugonu.
    45 | D        | Found a radiant altar of Vehumet.
    46 | D        | Found an ancient bone altar of Kikubaaqudgha.
    46 | D        | Found a hide-covered altar of Uskayaw.
    46 | D        | Found a broken altar of Ashenzari.
    57 | D        | Became a worshipper of Gozag Ym Sagoz the Greedy
   198 | D        | Noticed a water moccasin
   200 | D        | Reached XP level 5. HP: 53/53 MP: 5/5
   217 | D        | Killed a water moccasin
   218 | D        | Reached skill level 11 in Axes
   220 | D        | Reached XP level 6. HP: 22/68 MP: 6/6
   552 | D        | Reached skill level 12 in Axes
   601 | D        | Reached skill level 13 in Axes
   601 | D        | Reached XP level 7. HP: 26/83 MP: 7/7
   820 | D        | Noticed a bog body
   839 | D        | Mangled by a bog body

Illustrated notes

Levels and vault maps discovered:
D:        pitsprint [storerooms_1, entrance_room_1, metal_vault_8, armoury_2,
          mini_pit_1, grid_room_1, main_hall_1, silver_pit, the_coven_3,
          the_vestibule_1, steel_vault_1, golden_pit, hallway_of_sentries,
          crystal_vault_2, iron_vault_4, final_vault]

Skill      XL: |  1  2  3  4  5  6 |
---------------+-------------------+-----
Axes           | 9 11 13 | 13.2
Fighting       | 3 6 9 |  9.1
Throwing       | |  2.0
Dodging        | |  2.6

Action                     |  1- 3 |  4- 6 |  7- 9 || total
---------------------------+-------+-------+-------++-------
  Melee: War axe           |     2 |    62 |     7 ||    71
  Throw: Throwing net      |       |     2 |     3 ||     5
    Use: Potion            |       |     2 |     1 ||     3
 Armour: Robe              |       |    17 |     1 ||    18
  Dodge: Dodged            |       |    29 |     5 ||    34

Table legend: (Time is in decaauts)
 A = Elapsed time spent in this place.
 B = Non-inter-level travel time spent in this place.
 C = Inter-level travel time spent in this place.
 D = Time resting spent in this place.
 E = Time spent auto-exploring this place.
 F = Levels seen in this place.
 G = Mean time per level.
                   A        B        C        D        E       F      G
               +--------+--------+--------+--------+--------+-----+--------+
         Total |    836 |    817 |     19 |    502 |      0 |   1 |  836.0 |
       Dungeon |    836 |    817 |     19 |    502 |      0 |   1 |  836.0 |
               +--------+--------+--------+--------+--------+-----+--------+

Top non-repeatable levels by time:
       D: 836 daAuts
